AoeStats
← Ludoblues

Arabia

510612357Analyzed
3v3 RM · 20h ago on Oct 1, 2026· 47m 29s· 6 players
Game mode
Random Map
Map size
Normal (6 player)
Population
200
Speed
Normal
Resources
Standard
Victory
Conquest
Starting age
Dark Age
Ending age
Imperial Age
RankedLock teamsTeams togetherTeam positionsShared explorationLock speedFull tech treeHidden civsTurbo modeCheats
Victory
Defeat
🇨🇴 Vietnamese · Colombia
988
+16
🇸🇪 Burgundians · Sweden
986
+16
🇹🇷 Britons · Türkiye
922
+19
🇫🇷 Celts · France
1049
-19
🇫🇷 Romans · France
1006
-18
🇫🇷 Khmer · France
921
-14
Gautier Sans-Avoir
4:59 Loom
6:52 Double-Bit Axe
10:50 Feudal Age
12:07 Bow Saw
11:41 Horse Collar
15:04 Heavy Plow
22:48 Castle Age
23:51 Wheelbarrow
23:04 Pikeman
24:47 Two-Man Saw
24:19 Crop Rotation
24:04 Cavalier
24:50 Squires
25:01 Scale Barding Armor
25:06 Forging
24:51 Stone Mining
24:57 Gold Mining
24:59 Town Watch
25:45 Husbandry
25:08 Light Cavalry
26:14 Chain Barding Armor
27:19 Hand Cart
29:51 Iron Casting
36:57 Imperial Age
34:28 Town Patrol
37:13 Masonry
37:03 Paladin
38:23 Plate Barding Armor
38:48 Blast Furnace
37:12 Hussar
39:52 Architecture
40:55 Town Patrol
40:48 Fletching
42:37 Stone Mining
43:23 Gold Shaft Mining
42:59 Bodkin Arrow
43:04 Padded Archer Armor
43:35 Conscription
44:25 Elite Coustillier
45:10 Bracer
45:25 Leather Archer Armor
47:14 Stone Shaft Mining
Senbonzakura Kageyoshi
10:08 Feudal Age
10:39 Double-Bit Axe
12:37 Loom
17:22 Castle Age
18:50 Bow Saw
20:10 Fletching
21:56 Horse Collar
22:25 Stone Mining
38:12 Gold Mining
40:56 Heavy Plow
44:57 Imperial Age
43:55 Gold Shaft Mining
44:29 Fletching
45:01 Ballistics
46:15 Conscription
47:56 Chemistry
47:11 Bodkin Arrow
Tutmosis
11:14 Feudal Age
16:23 Castle Age
15:32 Double-Bit Axe
19:01 Bow Saw
18:56 Horse Collar
23:03 Wheelbarrow
30:50 Hand Cart
32:27 Forging
32:17 Scale Mail Armor
32:46 Gold Mining
32:47 Stone Mining
34:25 Stone Shaft Mining
34:36 Heavy Plow
34:57 Fletching
36:11 Iron Casting
35:52 Chain Mail Armor
36:17 Bodkin Arrow
39:35 Imperial Age
38:25 Town Watch
41:40 Elite Fire Lancer
43:14 Bracer
43:15 Padded Archer Armor
43:45 Plate Mail Armor
47:53 Chemistry
47:14 Ballistics
47:06 Masonry
46:36 Treadmill Crane
46:52 Murder Holes
47:03 Siege Engineers
nosta
6:41 Loom
8:58 Feudal Age
12:32 Double-Bit Axe
15:41 Forging
16:31 Bloodlines
18:36 Horse Collar
21:40 Castle Age
21:29 Wheelbarrow
21:46 Gold Mining
22:41 Scale Barding Armor
23:57 Iron Casting
26:39 Fletching
29:50 Bow Saw
29:45 Heavy Plow
34:49 Gold Shaft Mining
40:04 Imperial Age
39:10 Hand Cart
38:41 Town Watch
38:29 Pikeman
39:10 Squires
39:25 Scale Mail Armor
41:02 Chain Mail Armor
41:48 Blast Furnace
40:13 Halberdier
Ludoblues
4:20 Loom
11:18 Feudal Age
16:57 Castle Age
16:55 Horse Collar
17:03 Double-Bit Axe
17:01 Pikeman
20:38 Scale Mail Armor
23:03 Forging
24:50 Iron Casting
26:58 Chain Mail Armor
35:58 Wheelbarrow
35:45 Heavy Plow
35:48 Gold Mining
35:54 Stone Mining
40:27 Imperial Age
38:13 Hand Cart
39:21 Gold Shaft Mining
39:26 Stone Shaft Mining
42:14 Blast Furnace
41:44 Plate Mail Armor
40:37 Capped Ram
41:23 Fletching
42:12 Furor Celtica
45:54 Siege Ram
47:23 Halberdier
QUIMEURTPERD
4:41 Loom
11:41 Feudal Age
12:27 Double-Bit Axe
12:24 Horse Collar
17:07 Gold Mining
19:47 Castle Age
17:57 Scale Barding Armor
18:54 Bloodlines
21:21 Bow Saw
21:13 Heavy Plow
21:17 Husbandry
20:48 Light Cavalry
22:45 Gold Shaft Mining
23:57 Wheelbarrow
23:07 Town Watch
24:59 Ballistics
30:10 Imperial Age
28:57 Forging
31:21 Pikeman
31:26 Capped Ram
33:08 Stone Mining
33:37 Hand Cart
36:37 Chain Barding Armor
39:48 Town Patrol
41:50 Siege Engineers
42:37 Heavy Scorpion
44:10 Man-at-Arms
44:11 Halberdier
45:22 Siege Ram
46:56 Arson
Connection lost

Rejoining the realm…

Still unreachable

The connection could not be restored.

Session expired

The server has moved on; the page needs a fresh start.